Map: Prion Terraces

Players

LinxX

  • Race: Zerg Zerg
  • League: Diamond

Miszu - Winner!

  • Race: Terran Terran
  • League: Master

VOD

Have the link to the VOD?

Description

Time

  • Played on: April 8, 2016, 12:26 p.m.
  • Length: 13:14
Show
View Real Time Build Order
Export as new Build Order

LinxX Zerg 

Build Orders: Hatch First 

Get SALT Encoding   

  12  0:01  Drone  
  13  0:12  Overlord  
  13  0:17  Drone  
  14  0:32  Drone x2  
  16  0:37  Drone  
  17  0:56  Hatchery  
  16  0:58  Drone x2  
  18  1:11  Extractor  
  18  1:12  Drone  
  18  1:17  Spawning Pool  
  17  1:20  Drone  
  18  1:28  Drone  
  19  1:42  Overlord  
  19  2:03  Queen  
  19  2:05  Zergling x4  
  19  2:07  Queen  
  25  2:08  Drone  
  26  2:16  Metabolic Boost, Drone  
  26  2:22  Drone x2  
  29  2:31  Spore Crawler  
  29  2:32  Extractor  
  29  2:33  Drone x2  
  29  2:43  Queen  
  31  2:46  Spore Crawler  
  32  2:55  Overlord  
  32  2:56  Drone x3  
  35  3:09  Overlord  
  35  3:14  Roach Warren  
  35  3:17  Drone x3  
  35  3:18  Drone  
  38  3:20  Hatchery  
  38  3:25  Drone  
  38  3:26  Drone x3  
  41  3:32  Extractor  
  41  3:33  Extractor  
  41  3:34  Queen  
  39  3:37  Drone  
  39  3:41  Drone x2  
  44  3:42  Drone  
  45  3:48  Overlord  
  45  3:49  Drone  
  45  3:50  Drone  
  45  3:55  Lair  
  47  4:03  Roach x2  
  47  4:06  Overlord  
  47  4:09  Roach  
  53  4:15  Drone x3  
  53  4:16  Drone x3  
  59  4:21  Drone, Evolution Chamber  
  59  4:23  Evolution Chamber  
  58  4:27  Spore Crawler  
  57  4:33  Spore Crawler  
  57  4:36  Queen  
  57  4:37  Drone x2  
  60  4:49  Zerg Melee Weapons Level 1, Zerg Ground Armor Level 1  
  60  4:51  Drone x3  
  63  4:57  Overseer  
  63  5:01  Overlord, Spore Crawler  
  63  5:02  Overseer  
  62  5:09  Roach  
  62  5:10  Overlord  
  62  5:11  Overlord x2  
  64  5:14  Extractor  
  64  5:19  Drone  
  64  5:20  Drone x4  
  68  5:23  Drone  
  68  5:24  Drone  
  68  5:27  Roach x2  
  72  5:28  Overlord  
  72  5:38  Overlord  
  72  5:45  Drone x3  
  72  5:46  Drone x5  
  77  5:54  Overlord  
  77  6:05  Zergling x2, Roach x2  
  77  6:06  Zergling x8  
  86  6:12  Extractor  
  86  6:13  Extractor  
  86  6:16  Drone x2  
  86  6:18  Overlord x2  
  85  6:20  Infestation Pit  
  85  6:22  Drone x2  
  84  6:36  Zergling x4, Roach x2  
  84  6:38  Ravager  
  84  6:39  Ravager x5  
  96  6:42  Glial Reconstitution, Drone  
  96  6:44  Drone x3  
  96  6:45  Drone, Hatchery  
  96  6:46  Overlord x2  
  100  6:58  Pathogen Glands  
  100  6:59  Infestor  
  100  7:00  Infestor  
  104  7:08  Zerg Missile Weapons Level 1  
  104  7:11  Drone x2  
  104  7:12  Zergling x4, Drone  
  104  7:13  Zergling x8  
  113  7:26  Overlord  
  113  7:31  Infestor x2  
  113  7:34  Drone x6  
  113  7:36  Extractor  
  122  7:38  Extractor  
  122  7:42  Hatchery  
  120  7:46  Zergling x10, Roach x2  
  120  7:47  Zergling x2  
  129  7:53  Overlord  
  129  7:56  Ravager x4  
  133  8:00  Hive  
  133  8:03  Overlord  
  133  8:05  Zergling x10  
  138  8:09  Zerg Ground Armor Level 2  
  138  8:16  Spore Crawler  
  138  8:18  Zergling x6  
  138  8:19  Zergling x12  
  146  8:22  Overlord  
  146  8:41  Ravager x2  
  143  8:48  Spore Crawler  
  136  8:57  Extractor  
  136  8:59  Spore Crawler x2  
  136  9:00  Spire  
  132  9:09  Drone x3  
  135  9:11  Drone x3, Spore Crawler  
  135  9:12  Overlord, Spore Crawler x2  
  135  9:13  Spore Crawler  
  134  9:17  Spore Crawler  
  134  9:18  Spore Crawler  
  124  9:39  Queen  
  126  9:51  Spire, Zerg Melee Weapons Level 2  
  106  10:10  Overlord x6  
  106  10:12  Zerg Flyer Weapons Level 1  
  105  10:17  Adrenal Glands  
  105  10:18  Corruptor  
  105  10:19  Corruptor x8  
  123  10:25  Drone  
  123  10:26  Drone x3  
  127  10:32  Drone  
  127  10:33  Drone x3  
  127  10:34  Drone  
  132  10:40  Corruptor  
  134  10:43  Drone  
  134  10:45  Corruptor  
  137  10:51  Corruptor  
  139  10:58  Corruptor  
  139  10:59  Corruptor  
  143  11:06  Corruptor  
  143  11:07  Corruptor  
  147  11:14  Overseer  
  147  11:16  Corruptor  
  147  11:17  Corruptor  
  151  11:25  Corruptor x2  
  151  11:30  Overlord  
  155  11:36  Corruptor  
  155  11:37  Corruptor  
  159  11:43  Corruptor  
  161  11:59  Corruptor x4  
Show
View Real Time Build Order
Export as new Build Order

Miszu Terran - Winner!

Build Orders: Reaper Expand, Hellion Banshee 

Get SALT Encoding   

  12  0:01  SCV  
  13  0:13  SCV  
  14  0:18  Supply Depot  
  14  0:25  SCV  
  15  0:39  SCV  
  15  0:41  Barracks  
  16  0:44  Refinery  
  16  0:52  SCV  
  17  1:04  SCV  
  18  1:16  SCV  
  19  1:29  Orbital Command  
  19  1:30  Reaper  
  20  1:40  Command Center  
  20  1:47  Supply Depot  
  20  1:55  SCV  
  21  2:02  Marine  
  21  2:07  SCV  
  23  2:11  Factory  
  23  2:12  Refinery  
  23  2:19  Marine, SCV  
  25  2:31  SCV  
  26  2:43  SCV  
  28  2:54  Barracks Reactor  
  28  2:55  SCV  
  29  2:59  Starport  
  29  3:00  Orbital Command  
  27  3:07  SCV  
  27  3:11  Bunker  
  27  3:12  Supply Depot  
  28  3:13  Supply Depot  
  28  3:19  Factory Tech Lab, SCV  
  29  3:25  SCV  
  30  3:32  SCV  
  31  3:37  SCV  
  32  3:44  SCV  
  33  3:49  SCV  
  33  3:50  Banshee  
  33  3:51  Hellion  
  33  3:52  Hellion  
  41  3:56  SCV  
  41  3:58  Cloaking Field  
  41  4:01  SCV  
  43  4:07  Supply Depot  
  43  4:08  SCV  
  44  4:10  Command Center  
  44  4:12  Refinery x2  
  44  4:14  SCV  
  45  4:20  Hellion x2, SCV  
  50  4:26  SCV  
  51  4:32  SCV  
  51  4:33  Banshee  
  51  4:38  SCV  
  56  4:41  Hellion  
  56  4:44  Hellion, SCV  
  61  4:47  Starport  
  61  4:48  Starport  
  61  4:50  SCV  
  61  4:51  Supply Depot  
  62  4:56  SCV  
  63  5:00  Supply Depot  
  63  5:02  SCV  
  63  5:05  Hellion  
  66  5:08  SCV  
  66  5:13  Barracks Reactor  
  67  5:14  SCV  
  67  5:20  SCV  
  69  5:27  SCV  
  69  5:28  Orbital Command  
  70  5:29  Banshee  
  70  5:30  Starport Tech Lab  
  70  5:33  SCV  
  70  5:35  Supply Depot  
  72  5:44  Liberator  
  72  5:45  SCV x2  
  74  5:53  Hellion, Fusion Core  
  74  5:54  Hellion  
  78  5:57  SCV  
  78  5:58  Banshee  
  78  5:59  Liberator  
  78  6:02  Orbital Command  
  78  6:03  Command Center  
  85  6:04  SCV  
  85  6:09  SCV  
  87  6:15  Banshee  
  93  6:25  SCV  
  91  6:33  SCV x2  
  91  6:35  Supply Depot  
  91  6:37  SCV  
  94  6:41  Banshee  
  94  6:42  Hellion x2  
  94  6:45  SCV x2  
  94  6:46  Hyperflight Rotors  
  103  6:49  SCV  
  103  6:50  Refinery, Liberator  
  103  6:51  Engineering Bay  
  103  6:52  Refinery  
  104  6:57  SCV  
  104  6:58  SCV  
  106  7:01  Supply Depot, SCV  
  106  7:04  Supply Depot  
  106  7:05  Banshee  
  113  7:09  SCV  
  113  7:11  SCV  
  115  7:19  Liberator  
  115  7:20  SCV  
  115  7:21  Starport, SCV  
  115  7:22  Starport, Terran Infantry Weapons Level 1  
  117  7:25  Supply Depot  
  117  7:26  Supply Depot  
  117  7:31  Banshee  
  117  7:32  Supply Depot  
  123  7:44  Command Center  
  123  7:46  Armory  
  123  7:51  Liberator  
  123  7:55  Supply Depot, Banshee  
  126  7:58  Starport Tech Lab  
  126  7:59  Starport Tech Lab  
  126  8:02  Liberator  
  126  8:08  Refinery  
  126  8:09  Command Center  
  126  8:10  Command Center  
  129  8:17  Supply Depot, Refinery  
  129  8:18  Banshee  
  135  8:20  Supply Depot  
  135  8:22  Supply Depot  
  135  8:29  Banshee  
  141  8:38  Liberator x2  
  141  8:53  Liberator x2  
  144  9:08  Planetary Fortress  
  144  9:13  Terran Ship Weapons Level 1  
  144  9:16  Missile Turret  
  150  9:20  Liberator x2  
  150  9:21  Liberator  
  142  9:29  SCV x3  
  142  9:30  Command Center  
  145  9:31  Command Center  
  145  9:32  Missile Turret  
  145  9:34  Missile Turret  
  145  9:36  Liberator  
  154  9:40  Orbital Command  
  154  9:41  SCV x3, Orbital Command  
  154  9:43  Planetary Fortress  
  157  9:51  SCV  
  158  9:53  SCV x3  
  158  9:55  Refinery  
  164  10:03  SCV  
  164  10:05  SCV x2  
  164  10:06  Refinery  
  165  10:11  Armory  
  165  10:13  Liberator x4  
  165  10:14  Liberator  
  165  10:15  SCV  
  166  10:24  Liberator  
  166  10:27  SCV  
  167  10:35  Advanced Ballistics  
  182  10:39  SCV  
  186  10:46  Command Center  
  186  10:49  Command Center  
  186  10:51  Planetary Fortress  
  186  10:52  Command Center  
  186  11:00  Liberator x3  
  186  11:06  Sensor Tower  
  186  11:15  Sensor Tower  
  195  11:22  Liberator  
  195  11:27  Liberator  
  195  11:28  Liberator  
  195  11:35  Missile Turret  
  198  11:46  Missile Turret  
  198  11:48  Missile Turret  
  198  11:49  Missile Turret  
  198  11:50  Missile Turret  
  198  12:01  Refinery  
  185  12:09  Missile Turret  
  185  12:12  Refinery, Missile Turret  
  185  12:13  Liberator x2  
  185  12:14  Liberator x2  
  161  12:36  Orbital Command  
  165  12:39  SCV  
  165  12:40  Refinery  
  166  12:51  SCV  
Tags
 
Add a new tag
Caveats
  • Supply blocks, unpowered buildings, or Contaminate may cause inaccurate times.
  • Supply counts are checked every 10 seconds.